 Dungeon Crawl Stone Soup version 0.21-a0-196-g6a663c0 (webtiles) character file.

1838 Ijustatesigmund the Cruncher (level 9, -11/72 HPs)
             Began as a Formicid Fighter on Aug 15, 2017.
             Mangled by a two-headed ogre
             ... wielding a +0 giant club
              (15 damage)
             ... on level 5 of the Dungeon.
             The game lasted 00:14:51 (5597 turns).

Ijustatesigmund the Cruncher (Formicid Fighter)     Turns: 5597, Time: 00:14:51

Health: -11/72     AC: 13    Str: 26    XL:     9   Next: 33%
Magic:  9/9        EV:  6    Int:  8    God:
Gold:   293        SH: 11    Dex: 13    Spells: 8/8 levels left

rFire    + . .     SeeInvis +   a - +2 quarterstaff
rCold    . . .     Gourm    .   c - +1 shield
rNeg     . . .     Faith    .   b - +0 chain mail
rPois    .         Spirit   .   (helmet unavailable)
rElec    .         Reflect  .   (no cloak)
rCorr    .         Harm     .   (no gloves)
MR       .....                  k - +2 pair of boots
Stlth    ..........             (no amulet)
HPRegen  0.22/turn              e - ring of flight
MPRegen  0.11/turn              y - ring of protection from fire (curse)

@: mighty
A: permanent stasis, dig shafts and tunnels, four strong arms, antennae 3
a: Dig, Shaft Self, Evoke Flight


You were on level 5 of the Dungeon.
You were not hungry.

You visited 1 branch of the dungeon, and saw 6 of its levels.
You also visited: Ossuary.

You collected 293 gold pieces.

Inventory:

Hand Weapons
 a - a +2 quarterstaff (weapon)
Missiles
 o - 6 exploding tomahawks (quivered)
Armour
 b - a +0 chain mail (worn)
 c - a +1 shield (worn)
 k - a +2 pair of boots (worn)
Jewellery
 e - a ring of flight (left hand)
 y - a cursed ring of protection from fire (right hand)
Wands
 g - a wand of paralysis (0/24)
 l - a wand of polymorph (24/24)
 q - a wand of lightning (7/15)
 r - a wand of paralysis (5/24)
Scrolls
 j - 2 scrolls of immolation
 t - a scroll of remove curse
 v - 3 scrolls of recharging
 x - 3 scrolls of enchant armour
 A - a scroll of identify
 B - a scroll of amnesia
Potions
 d - a potion of might
 h - a potion of curing
 p - 3 potions of agility
 s - 6 potions of flight
 u - a potion of magic
 w - a potion of ambrosia
 z - a potion of invisibility {unknown}
Books
 m - a book of Flames

   Spells                             Type                      Level
   a - Flame Tongue                   Conjuration/Fire             1
   b - Throw Flame                    Conjuration/Fire             2
   c - Conjure Flame                  Conjuration/Fire             3
   d - Inner Flame                    Hexes/Fire                   3
   e - Sticky Flame                   Conjuration/Fire             4
   f - Fireball                       Conjuration/Fire             5
Comestibles
 f - 4 bread rations
 i - 4 meat rations


   Skills:
 + Level 7.2 Fighting
 * Level 8.3 Staves
 + Level 7.0 Armour
 - Level 3.6 Shields


You had 8 spell levels left.
You didn't know any spells.

Dungeon Overview and Level Annotations

Branches:
Dungeon (6/15)
 Temple: D:4-7

Altars:
Cheibriados
Fedhas
Hepliaklqana
Makhleb
Okawaru
Zin


Innate Abilities, Weirdness & Mutations

You cannot be hasted, slowed, berserked, paralysed or teleported.
You can dig through walls and to a lower floor.
Your four strong arms can wield two-handed weapons with a shield.
You have a pair of large antennae on your head. (SInv)


Message History

You hit the two-headed ogre.
The two-headed ogre is moderately wounded.
The two-headed ogre hits you with a giant club!
The two-headed ogre barely misses you.
You sock the two-headed ogre!
The two-headed ogre is heavily wounded.
You hit the two-headed ogre.
The two-headed ogre is heavily wounded.
You block the two-headed ogre's attack.
The two-headed ogre hits you with a giant club!!
You feel very mighty all of a sudden.
The two-headed ogre hits you but does no damage.
The two-headed ogre hits you with a giant club!
* * * LOW HITPOINT WARNING * * *
You hit the two-headed ogre.
The two-headed ogre is heavily wounded.
The two-headed ogre hits you with a giant club!
* * * LOW HITPOINT WARNING * * *
The two-headed ogre hits you with a giant club!
You die...

#.>........###.###.#.#####..#####
#.##..####.##...##...............
..##..# #...........######.#.###
####..#######...##..## #.#.### ##
#...........###..# ##.#.... .#
##.############..# ##...####
####...## #....# ##.....###
###.....#### #.##.# #.........
..........?# #@##.# #......##.
.##.....##.# #O##.# #.#...###.
.###.......## #o##.# #.)..## #.
............# #.##.# #..### ##.
.########...# #.##รท# #..# ###..
.########...# #.##.####..###....
(...........# #.##...........#..
#########.#.# #.#######..###....
#.#.# #.# #.........


You could see a two-headed ogre and an orc.

Vanquished Creatures
  An ogre (D:5)
  A centaur (D:5)
  A bullfrog (D:6)
  2 wyvern zombies (Ossuary)
  4 centaur zombies
  4 bullfrog zombies
  2 orc priests
  A gnoll shaman (D:4)
  Jessica (D:2)
  10 mummies (Ossuary)
  Ijyb (D:4)
  An iguana (D:6)
  2 orc wizards (D:4)
  4 worker ants (D:4)
  2 killer bee zombies (Ossuary)
  2 hound zombies (Ossuary)
  2 howler monkey zombies (Ossuary)
  5 worker ant zombies
  11 gnolls
  6 adders
  An ooze (D:2)
  2 adder zombies (Ossuary)
  2 worms
  5 dart slugs
  3 leopard geckos
  19 orcs
  12 bats
  5 giant cockroaches
  4 goblins
  7 hobgoblins
  4 jackals (D:5)
  6 kobolds
  5 quokkas
  4 ball pythons
  9 frilled lizards
  3 leopard gecko zombies
  3 quokka zombies
  7 rats
  A withered plant (Ossuary)
165 creatures vanquished.

Vanquished Creatures (others)
  2 withered plants (Ossuary)
2 creatures vanquished.

Grand Total: 167 creatures vanquished

Notes
Turn   | Place    | Note
-------+----------+-------------------------------------------
     0 | D:1      | Ijustatesigmund the Formicid Fighter began the quest for the Orb.
     0 | D:1      | Reached XP level 1. HP: 18/18 MP: 1/1
    42 | D:1      | Reached XP level 2. HP: 22/24 MP: 2/2
   260 | D:1      | Reached XP level 3. HP: 28/29 MP: 3/3
   299 | D:1      | Reached skill level 3 in Staves
   721 | D:2      | Found a faded altar of an unknown god.
   800 | D:2      | Noticed Jessica
   812 | D:2      | Killed Jessica
   812 | D:2      | Reached XP level 4. HP: 37/37 MP: 4/4
   860 | D:2      | Found a hazy altar of Hepliaklqana.
  1376 | D:3      | Reached XP level 5. HP: 40/42 MP: 5/5
  1565 | D:2      | Reached skill level 4 in Staves
  1768 | D:3      | Reached XP level 6. HP: 38/49 MP: 6/6
  1894 | D:3      | Found a snail-covered altar of Cheibriados.
  2001 | D:4      | Noticed Ijyb
  2021 | D:4      | Killed Ijyb
  2088 | D:4      | Found a burning altar of Makhleb.
  2088 | D:4      | Found an iron altar of Okawaru.
  2089 | D:4      | Found a glowing silver altar of Zin.
  2201 | D:4      | Reached skill level 5 in Fighting
  2320 | D:4      | Reached skill level 5 in Staves
  2320 | D:4      | Reached XP level 7. HP: 52/56 MP: 7/7
  2730 | D:4      | Reached skill level 5 in Armour
  3275 | D:5      | Entered Level 5 of the Dungeon
  3683 | D:5      | Found a blossoming altar of Fedhas.
  3846 | D:5      | Reached skill level 6 in Staves
  3854 | D:5      | Reached XP level 8. HP: 48/64 MP: 8/8
  4322 | D:6      | Found a sand-covered staircase.
  4394 | Ossuary  | Entered an ossuary
  4479 | Ossuary  | Reached skill level 7 in Staves
  4517 | Ossuary  | Reached XP level 9. HP: 33/71 MP: 9/9
  4806 | Ossuary  | Reached skill level 8 in Staves
  5370 | D:6      | Noticed a two-headed ogre
  5597 | D:5      | Mangled by a two-headed ogre

Vault maps used:
D:1:      minmay_arrival_stair_chambers
D:2:      lemuel_doored_altar, chequers_ecumenical_altar_island, first_bread,
          minmay_pentomino_v4, uniq_jessica
D:3:      kennysheep_slug_shrine
D:4:      gammafunk_temple_overflow_claw, uniq_ijyb
D:5:      grunt_decor_resistance, fedhas_bush_and_centaur_altar
D:6:      nicolae_ossuary_entry_monument
Ossuary:  ossuary_zaba_flooded

Skill      XL: |  1  2  3  4  5  6  7  8  9 |
---------------+----------------------------+-----
Staves         | 3 4 5 6 7 8 |  8.3
Fighting       | 4 5 6 7 |  7.2
Armour         | 4 5 6 7 |  7.0
Shields        | |  3.6

Action                   |  1- 3 |  4- 6 |  7- 9 || total
-------------------------+-------+-------+-------++-------
Melee: Quarterstaff      |   104 |   251 |   321 ||   676
Throw: Tomahawk          |       |       |     2 ||     2
 Abil: Dig               |       |     1 |     3 ||     4
Evoke: Wand              |       |       |     3 ||     3
  Use: Scroll            |     4 |     8 |    10 ||    22
       Potion            |       |       |     3 ||     3
  Eat: Chunk             |       |     5 |     6 ||    11
       Fruit             |       |       |     5 ||     5
       Royal jelly       |       |       |     1 ||     1
Armor: Scale mail        |    43 |    61 |       ||   104
       Chain mail        |       |    58 |   104 ||   162
Dodge: Dodged            |    28 |    85 |    45 ||   158
Block: Shield            |    61 |   159 |   123 ||   343
